 Dungeon Crawl Stone Soup version 0.21-a0-163-g3aa3f5d (webtiles) character file.

8826 KristoblXynda the Grappler (level 11, -2/82 HPs)
             Began as a Ghoul Monk on Aug 5, 2017.
             Was a High Priest of Okawaru.
             Slain by a two-headed ogre
             ... wielding a +0 giant club
              (12 damage)
             ... on level 10 of the Dungeon.
             The game lasted 00:23:53 (8644 turns).

KristoblXynda the Grappler (Ghoul Monk)             Turns: 8644, Time: 00:23:53

Health: -2/82      AC: 11    Str: 25    XL:     11   Next: 36%
Magic:  16/16      EV: 11    Int:  6    God:    Okawaru [*****.]
Gold:   296        SH:  6    Dex: 15    Spells: 10/10 levels left

rFire    + . .     SeeInvis +     - Unarmed
rCold    + . .     Gourm    .   z - +2 buckler
rNeg     + + +     Faith    .   c - +0 ring mail "Helij" {+Blink rF+ Regen+}
rPois    ∞         Spirit   .   g - +0 helmet
rElec    .         Reflect  .   j - +1 cloak {MR+}
rCorr    .         Harm     .   (no gloves)
MR       +....                  h - +0 pair of boots
Stlth    +.........             x - amulet of Ashenzari's Wrath {+Rage Str+3 Dex+4}
HPRegen  0.00/turn              q - +4 ring of strength
MPRegen  0.15/turn              o - ring of see invisible

@: rotting, heavily drained
A: rotting body, claws 1, carnivore 3, cold resistance 1, negative energy
resistance 3, inhibited regeneration, torment resistance, unbreathing
a: Heroism, Finesse, Renounce Religion, Evoke Blink


You were on level 10 of the Dungeon.
You worshipped Okawaru.
Okawaru was extremely pleased with you.
You were not hungry.

You visited 2 branches of the dungeon, and saw 11 of its levels.

You collected 494 gold pieces.
You spent 198 gold pieces at shops.

Inventory:

Hand Weapons
 F - a +0 fustibalus of freezing
Missiles
 E - 26 sling bullets
Armour
 c - the +0 ring mail "Helij" (worn) {+Blink rF+ Regen+}
   (You found it on level 4 of the Dungeon)

   It protects you from fire.
   It lets you blink.
   It increases your rate of regeneration.
 g - a +0 helmet (worn)
 h - a +0 pair of boots (worn)
 j - a +1 cloak of magic resistance (worn)
 p - a +0 pair of gloves
 z - a +2 buckler (worn)
Jewellery
 o - a ring of see invisible (right claw)
 q - a +4 ring of strength (left claw)
 x - the amulet of Ashenzari's Wrath (around neck) {+Rage Str+3 Dex+4}
   (You found it on level 10 of the Dungeon)

   [amulet of rage]

   It affects your strength (+3).
   It affects your dexterity (+4).
   It lets you go berserk.
 y - a +4 amulet of reflection
Wands
 l - a wand of lightning (6/15)
 r - a wand of confusion (19/48)
 w - a wand of polymorph (9/24)
 D - a wand of random effects (27/48)
Scrolls
 e - a scroll of remove curse
 i - 3 scrolls of immolation
 k - 2 scrolls of amnesia
 n - a scroll of teleportation
 A - a scroll of enchant weapon
 B - 2 scrolls of recharging
Potions
 a - 2 potions of magic
 d - 2 potions of cancellation
 m - 2 potions of flight
 s - a potion of might
 t - 2 potions of mutation
 u - a potion of curing
Books
 v - a book of Cantrips

   Spells                             Type                      Level
   a - Confusing Touch                Hexes                        1
   b - Animate Skeleton               Necromancy                   1
   c - Summon Small Mammal            Summoning                    1
   d - Apportation                    Translocation                1
Comestibles
 b - 2 meat rations
 f - 14 royal jellies


   Skills:
 - Level 3.2(1.8) Fighting
 + Level 9.1(7.4) Armour
 - Level 3.1(1.7) Dodging
 - Level 2.5(1.1) Stealth
 - Level 3.1(1.7) Shields
 + Level 11.4(9.6) Unarmed Combat
 + Level 2.5(1.1) Invocations
 - Level 8.0(6.4) Evocations


You had 10 spell levels left.
You didn't know any spells.

Dungeon Overview and Level Annotations

Branches:
Dungeon (10/15)            Temple (1/1) D:6            Lair (0/6) D:9
    Orc: D:9-12

Altars:
Ashenzari
Cheibriados
Dithmenos
Elyvilon
Fedhas
Gozag
Hepliaklqana
Kikubaaqudgha
Makhleb
Nemelex Xobeh
Okawaru
Qazlal
Ru
Sif Muna
Trog
Uskayaw
Vehumet
Wu Jian
Xom
Yredelemnul
Zin
The Shining One

Shops:
D:5 *=!(

Annotations:
D:10 Josephine


Innate Abilities, Weirdness & Mutations

Your body is rotting away.
You thrive on raw meat.
You are immune to poison.
You have sharp fingernails.
You are carnivorous and can eat meat at any time.
Your flesh is cold resistant. (rC+)
You are immune to negative energy. (rN+++)
You do not regenerate when monsters are visible.
You are immune to unholy pain and torment.
You can survive without breathing.


Message History

The two-headed ogre is moderately wounded.
The two-headed ogre hits you with a giant club!
* * * LOW HITPOINT WARNING * * *
The two-headed ogre hits you with a giant spiked club.
* * * LOW HITPOINT WARNING * * *
You claw the two-headed ogre!
The two-headed ogre is moderately wounded.
Evoke which item? (* to show all) (? for menu, Esc to quit)
Aiming: Confuse
Press: ? - help, Shift-Dir - straight line, f - two-headed ogre
Aim: a two-headed ogre, wielding a giant club and a giant spiked club (moderately wounded, chance to defeat MR: 48%)
The two-headed ogre resists with some effort.
This wand has 19 charges left.
The two-headed ogre hits you with a giant club!!
* * * LOW HITPOINT WARNING * * *
The two-headed ogre hits you but does no damage.
Unknown command.
You feel better.
The two-headed ogre hits you with a giant club!
You die...

# #.....# #.._..# ##'####
#.....# #..# #.....# ### #.##
##..#.##### ..# ##'#####
##........# ..#
#......####..........#
.<######......##...#........####
..#....'......##O###...........#
..#.####......##@#
#........##.## ..+ #......#..#
#####.#####... ..# #......'.##
#.# ###. ### #......### #.# ##
#####.## #. ##....# # #.....#
##+### # #.....# #....# #
#.....# #..(.# ####


You could see a two-headed ogre.

Vanquished Creatures
  Erolcha (D:10)
  A two-headed ogre (D:8)
  A death yak (D:9)
  A manticore (D:10)
  Joseph (D:10)
  A centaur skeleton (D:10)
  A queen bee (D:9)
  Grinder (D:3)
  2 yaks
  A wraith (D:10)
  An acid dragon (D:8)
  3 orc warriors
  A sky beast (D:6)
  4 phantoms
  3 black bears
  A necrophage (D:9)
  7 ogres
  2 centaurs
  A crocodile (D:4)
  A big kobold (D:8)
  10 bullfrogs
  A water moccasin zombie (D:7)
  19 killer bees (D:9)
  2 vampire bats (D:3)
  4 wights (D:8)
  4 crimson imps
  A quasit (D:8)
  5 hounds
  Crazy Yiuf (D:6)
  4 orc priests
  A bullfrog skeleton (D:6)
  4 jellies
  4 iguanas
  8 orc wizards
  3 worker ants
  A worker ant zombie (D:9)
  5 gnolls
  8 adders
  2 shadow imps
  An ooze (D:5)
  An adder zombie (D:6)
  3 worms
  2 dart slugs (D:1)
  4 leopard geckos
  32 orcs
  3 giant cockroaches
  9 goblins
  4 hobgoblins
  5 jackals
  8 kobolds
  3 quokkas
  A ball python (D:5)
  15 bats
  4 frilled lizards
  A jackal zombie (D:6)
  A quokka skeleton (D:5)
  5 rats
224 creatures vanquished.

Notes
Turn   | Place    | Note
-------+----------+-------------------------------------------
     0 | D:1      | KristoblXynda the Ghoul Monk began the quest for the Orb.
     0 | D:1      | Reached XP level 1. HP: 19/19 MP: 0/0
   137 | D:1      | Reached XP level 2. HP: 26/26 MP: 1/1
   720 | D:2      | Reached XP level 3. HP: 31/31 MP: 2/2
   884 | D:2      | Reached skill level 1 in Armour
   884 | D:2      | Reached skill level 4 in Unarmed Combat
  1509 | D:3      | Found a glowing golden altar of the Shining One.
  1560 | D:3      | Noticed Grinder
  1577 | D:3      | Reached skill level 1 in Shields
  1577 | D:3      | Reached XP level 4. HP: 25/38 MP: 3/3
  1589 | D:3      | Paralysed by Grinder for 2 turns
  1599 | D:3      | Paralysed by Grinder for 5 turns
  1613 | D:3      | Killed Grinder
  1613 | D:3      | Reached skill level 5 in Unarmed Combat
  1613 | D:3      | Reached XP level 5. HP: 20/45 MP: 4/4
  1613 | D:3      | Reached XP level 6. HP: 23/51 MP: 5/5
  1681 | D:3      | Found a shadowy altar of Dithmenos.
  1681 | D:3      | Found an ornate altar of the Wu Jian Council.
  1783 | D:3      | Found a blossoming altar of Fedhas.
  2305 | D:4      | Reached XP level 7. HP: 10/57 MP: 6/6
  2552 | D:4      | Found a shattered altar of Ashenzari.
  2630 | D:4      | Found an opulent altar of Gozag.
  2833 | D:4      | Got a smoking ring mail
  2838 | D:4      | Identified the cursed +0 ring mail "Helij" {+Blink rF+ Regen+} (You found it on level 4 of the Dungeon)
  2996 | D:4      | Found a burning altar of Makhleb.
  3036 | D:5      | Entered Level 5 of the Dungeon
  3548 | D:5      | Found Ququyt's Antique Weapon Emporium.
  3592 | D:5      | Found Cawustur's Jewellery Shop.
  3597 | D:5      | Bought an uncursed ring of see invisible for 150 gold pieces
  3620 | D:5      | Found Vogyhum's General Store.
  3701 | D:5      | Reached skill level 6 in Unarmed Combat
  3701 | D:5      | Reached skill level 1 in Evocations
  3782 | D:5      | Found Tazxo's Distillery.
  3801 | D:5      | Bought a potion of might for 48 gold pieces
  3815 | D:5      | Found Kogiklumao's Assorted Antiques.
  4086 | D:6      | Found a staircase to the Ecumenical Temple.
  4094 | D:6      | Reached XP level 8. HP: 38/63 MP: 8/8
  4103 | Temple   | Entered the Ecumenical Temple
  4334 | Temple   | Became a worshipper of Warmaster Okawaru
  4334 | Temple   | Reached * piety under Okawaru
  4334 | Temple   | Reached ** piety under Okawaru
  4366 | D:6      | Found a white marble altar of Elyvilon.
  4532 | D:6      | Reached skill level 7 in Unarmed Combat
  4567 | D:6      | Reached skill level 5 in Armour
  4997 | D:6      | Reached *** piety under Okawaru
  4997 | D:6      | Reached XP level 9. HP: 47/70 MP: 9/11
  5072 | D:6      | Found a runed door.
  5198 | D:6      | Noticed Crazy Yiuf
  5204 | D:6      | Killed Crazy Yiuf
  5253 | D:6      | Reached skill level 8 in Unarmed Combat
  5475 | D:7      | Reached skill level 5 in Evocations
  5833 | D:8      | Reached **** piety under Okawaru
  5967 | D:8      | Reached skill level 9 in Unarmed Combat
  6327 | D:8      | Reached XP level 10. HP: 60/76 MP: 13/13
  6342 | D:8      | Noticed a two-headed ogre
  6366 | D:8      | Killed a two-headed ogre
  6366 | D:8      | Reached ***** piety under Okawaru
  6526 | D:9      | Noticed a death yak
  6528 | D:9      | Noticed a death yak
  6529 | D:9      | Noticed a death yak
  6530 | D:9      | Found a staircase to the Lair.
  6530 | D:9      | Noticed a death yak
  6530 | D:9      | Noticed a death yak
  6544 | D:9      | Killed a death yak
  6544 | D:9      | Received a gift from Okawaru
  6544 | D:9      | Reached skill level 10 in Unarmed Combat
  6739 | D:8      | HP: 3/77 [death yak (25)]
  7039 | D:9      | Found a hide-covered altar of Uskayaw.
  7210 | D:9      | Found a sparkling altar of Nemelex Xobeh.
  7385 | D:9      | HP: 2/77 [killer bee (8)]
  7399 | D:9      | HP: 1/77 [killer bee (1)]
  7506 | D:9      | Noticed a skeletal warrior
  7506 | D:9      | Noticed a skeletal warrior
  7506 | D:9      | Noticed a skeletal warrior
  7509 | D:9      | Noticed a skeletal warrior
  7529 | D:10     | Entered Level 10 of the Dungeon
  7535 | D:10     | Reached XP level 11. HP: 70/82 MP: 15/15
  7562 | D:10     | Noticed Erolcha
  7585 | D:10     | Killed Erolcha
  7585 | D:10     | Reached skill level 11 in Unarmed Combat
  7624 | D:10     | Got a transparent zirconium amulet
  7627 | D:10     | Identified the amulet of Ashenzari's Wrath {+Rage Str+3 Dex+4} (You found it on level 10 of the Dungeon)
  7930 | D:10     | Reached skill level 1 in Invocations
  8059 | D:10     | Noticed Joseph
  8074 | D:10     | Killed Joseph
  8137 | D:10     | Found a snail-covered altar of Cheibriados.
  8159 | D:10     | Noticed a manticore
  8166 | D:10     | Killed a manticore
  8166 | D:10     | Received a gift from Okawaru
  8527 | D:10     | Noticed a two-headed ogre
  8533 | D:10     | Noticed Josephine
  8643 | D:10     | HP: 1/81 [two-headed ogre/giant club (19)]
  8644 | D:10     | Slain by a two-headed ogre

Vault maps used:
D:1:      minmay_arrival_open_corners, fountainhead
D:2:      first_bread, amethyst_killhole, kennysheep_generic_room_10
D:3:      fedhas_altar_4, gammafunk_temple_overflow_elements,
          hangedman_abyss_or_decor_lesser_grid, kennysheep_cross_bottleneck,
          mrwooster_statue_mirror, roderic_batcave, minmay_misc_feat_doors,
          tso_altar, uniq_grinder
D:4:      kennysheep_little_box, lemuel_coloured_pillars_altar,
          evilmike_ruin_ashenzari, dk_vineyard_2
D:5:      serial_shops, shop, shop, shop, nicolae_shop_window_shopping,
          nicolae_shop_competitors_out_of_business, serial_park_tiny_pond
D:6:      lemuel_crystal_altar, minmay_temple_entry_trees, grunt_ministairs_10,
          minmay_statues_item, uniq_crazy_yiuf_cottage
D:9:      eat_drink_and_be_merry_uskayaw, old_standard_altar,
          dpeg_lair_monsters, special_room
D:10:     basic_altar, uniq_josephine, uniq_erolcha, uniq_joseph
Temple:   nicolae_temple_figure_eight

Skill      XL: |  1  2  3  4  5  6  7  8  9 10 11 |
---------------+----------------------------------+-----
Dodging        | 3 |  3.1
Armour         | 1 2 3 4 5 7 8 9 |  9.1
Unarmed Combat | 4 5 6 7 9 10 11 | 11.4
Shields        | 1 2 3 |  3.1
Evocations     | 1 4 6 7 8 |  8.0
Invocations    | 2 |  2.5
Fighting       | |  3.2
Stealth        | |  2.5

Action                   |  1- 3 |  4- 6 |  7- 9 | 10-12 || total
-------------------------+-------+-------+-------+-------++-------
Melee: Unarmed           |   100 |   111 |   438 |   360 ||  1009
       Punch             |     4 |     2 |    12 |       ||    18
 Abil: Evoke Blink       |       |       |       |     1 ||     1
Evoke: Wand              |       |       |       |    14 ||    14
  Use: Scroll            |     4 |     1 |    13 |     9 ||    27
       Potion            |       |     2 |       |    10 ||    12
 Stab: Sleeping          |     1 |       |     1 |     1 ||     3
       Distracted        |     1 |       |       |       ||     1
       Invisible         |       |       |       |     7 ||     7
       Confused          |       |       |       |     6 ||     6
  Eat: Chunk             |     3 |     3 |    33 |    23 ||    62
       Meat ration       |       |       |     2 |     1 ||     3
       Royal jelly       |       |       |     1 |     1 ||     2
Armor: Robe              |     6 |       |       |       ||     6
       Ring mail         |    34 |    41 |   130 |    92 ||   297
Dodge: Dodged            |    65 |    85 |   197 |   156 ||   503
Block: Buckler           |       |       |    47 |   121 ||   168
